Capitals vs Stars
Created - 12 mai 2013 at 21:38
Goals
|
| Capitals |
0 |
1 |
2 |
3 |
| Stars |
0 |
1 |
1 |
2 |
|
Shots
|
| Capitals |
10 |
8 |
9 |
27 |
| Stars |
12 |
10 |
11 |
33 |
|
1st period
No Goal
Penalties :
No Penalty
2nd period
1. Capitals , Phil Kessel 2 (Jason Blake, Anton Volchenkov) at 3:51
2. Stars , Milan Hejduk 24 (Brendan Bell, Pascal Leclaire) at 11:48
Penalties :
Thomas Vanek (Was) for Roughing (Minor) at 5:21, Patrick Kane (Was) for Tripping (Minor) at 8:37
3rd period
3. Capitals , Corey Perry 25 (Brian Rafalski, Thomas Vanek) at 8:41 (PP)
4. Stars , Patrik Elias 26 (David Legwand, Braydon Coburn) at 9:15
5. Capitals , Evgeni Malkin 46 (Brian Rafalski, Marty Turco) at 13:04 (PP)
Penalties :
Alex Tanguay (Was) for Slashing (Minor) at 6:26, Alexei Morozov (Dal) for Cross-checking (Minor) at 8:25, Evgeni Malkin (Was) for Hooking (Minor) at 9:27, Alexei Morozov (Dal) for High sticking (Minor) at 9:44, Jan Hlavac (Dal) for Tripping (Minor) at 12:38, Alex Tanguay (Was) for Interference (Minor) at 16:16
Goalie Stats
Marty Turco (Was), 31 saves from 33 shots - (0,939), W, 43-23-3, 60:00 minutes
Pascal Leclaire (Dal), 24 saves from 27 shots - (0,889), L, 31-20-8, 59:17 minutes
Players Stats for Capitals
Player Name G A P +/- PIM S H SB GA TA FO MP PP MP PK MP
------------------------------------------------------------------------------------
Ales Hemsky 0 0 0 -1 0 0 0 0 0 0 0/0 10:38 0:00 0:00
Alex Tanguay 0 0 0 -1 4 2 1 0 0 0 0/0 15:15 0:12 1:44
Alexei Semenov 0 0 0 0 0 1 2 0 0 0 0/0 12:04 0:00 0:00
Anton Volchenkov 0 1 1 0 0 1 2 1 0 1 0/0 19:14 0:12 3:21
Brian Rafalski 0 2 2 -1 0 3 2 0 1 1 0/0 28:42 0:47 4:52
Christian Ehrhoff 0 0 0 -1 0 0 2 1 0 0 0/0 28:42 0:47 4:52
Corey Perry 1 0 1 0 0 2 2 0 1 0 1/4 20:30 0:42 2:01
Dennis Wideman 0 0 0 0 0 1 2 1 1 0 0/0 19:14 0:12 3:21
Evgeni Malkin 1 0 1 0 2 4 2 0 0 0 14/36 22:22 0:47 4:29
Jason Blake 0 1 1 1 0 3 2 0 0 1 0/0 9:54 0:05 0:56
Milan Michalek 0 0 0 -1 0 1 0 0 1 1 1/2 11:24 0:00 0:00
Nicklas Backstrom 0 0 0 1 0 2 0 0 0 0 3/7 9:33 0:00 0:47
Patrick Kane 0 0 0 -1 2 0 2 0 0 0 0/0 13:08 0:12 0:00
Peter Regin 0 0 0 -1 0 1 1 0 1 1 1/6 12:29 0:12 0:00
Phil Kessel 1 0 1 1 0 2 0 0 0 0 0/1 8:19 0:00 0:00
Samuel Pahlsson 0 0 0 -1 0 0 1 1 0 0 3/6 14:14 0:00 3:05
Thomas Vanek 0 1 1 0 2 4 1 0 0 1 2/3 22:14 0:47 3:24
Toni Lydman 0 0 0 0 0 0 3 0 0 1 0/0 12:04 0:00 0:00
Players Stats for Stars
Player Name G A P +/- PIM S H SB GA TA FO MP PP MP PK MP
------------------------------------------------------------------------------------
Alexei Morozov 0 0 0 1 4 4 2 0 1 0 1/2 20:49 4:32 0:00
Braydon Coburn 0 1 1 0 0 1 1 0 1 1 0/0 28:52 5:50 0:59
Brendan Bell 0 1 1 0 0 0 1 3 1 1 0/0 18:07 0:00 0:00
Cory Stillman 0 0 0 1 0 0 1 0 0 0 2/2 20:29 4:34 0:12
David Legwand 0 1 1 1 0 2 2 3 0 1 5/14 18:45 3:31 0:47
Evgeny Artyukhin 0 0 0 0 0 2 0 1 1 0 0/0 11:20 0:08 0:00
Filip Novak 0 0 0 0 0 1 0 0 0 0 0/0 2:38 0:00 0:00
Glen Metropolit 0 0 0 -1 0 1 1 0 0 0 4/5 9:11 0:00 0:12
Jan Hlavac 0 0 0 -1 2 2 0 0 0 0 0/0 8:46 0:00 0:00
Marcus Nilson 0 0 0 0 0 1 1 1 0 0 0/0 11:38 0:08 0:00
Mathieu Schneider 0 0 0 0 0 1 2 4 1 0 0/0 25:27 5:00 0:59
Matthew Spiller 0 0 0 1 0 0 1 2 0 0 0/0 24:47 2:09 0:00
Mike Modano 0 0 0 1 0 6 3 0 1 0 26/38 21:49 4:34 0:47
Milan Hejduk 1 0 1 1 0 4 2 0 0 0 0/0 17:22 3:31 0:00
Patrik Elias 1 0 1 1 0 3 3 0 1 0 0/1 17:01 3:31 0:00
Pierre Dagenais 0 0 0 -1 0 3 0 0 0 0 0/0 8:47 0:00 0:00
Randy Jones 0 0 0 1 0 1 2 0 0 2 0/0 19:29 3:27 0:00
Steve Rucchin 0 0 0 0 0 1 1 0 0 0 2/3 11:59 0:08 0:00
3 Stars
1 - Patrik Elias (Dal)
2 - Milan Hejduk (Dal)
3 - Corey Perry (Was)
Power Play
Capitals - 2 on 3 Attempt(s) - 66,67%
Stars - 0 on 5 Attempt(s) - 0,00%
Penalty Kill
Capitals - 5 on 5 Attempt(s) - 100,00%
- Score 0 goal in Penalty Kill
Stars - 1 on 3 Attempt(s) - 33,33%
- Score 0 goal in Penalty Kill
Official
Referees : Kowal Tom and Fraser Kerry
Linesman : David Brisebois and Don Henderson
Game Notes
Filip Novak is injured at 9:49 of 1st period (Sprained Right Finger)
Finance
Level 1 -- Attendance: 4140 (69,00%) -- Ticket Income 414 000 $
Level 2 -- Attendance: 3239 (64,78%) -- Ticket Income 194 340 $
Level 3 -- Attendance: 1387 (69,35%) -- Ticket Income 48 545 $
Level 4 -- Attendance: 3102 (77,55%) -- Ticket Income 62 040 $
Luxury Box -- Attendance: 666 (66,60%) -- Ticket Income 133 200 $
Game was played at the American Airlines Center
Total Attendance: 12534 (69,63%)
Total Ticket Income: 852 125 $
Other Income: 42 606 $
Total Income: 894 731 $
Capitals
5 vs 5 Forward
Center Left Wing Right Wing Time % Phy DF OF
1 Evgeni Malkin Thomas Vanek Corey Perry 40 1 2 2
2 Peter Regin Alex Tanguay Patrick Kane 30 1 2 2
3 Samuel Pahlsson Milan Michalek Ales Hemsky 20 1 2 2
4 Nicklas Backstrom Jason Blake Phil Kessel 10 1 2 2
5 vs 5 Defense
Defense Defense Time % Phy DF OF
1 Brian Rafalski Christian Ehrhoff 40 1 2 2
2 Dennis Wideman Anton Volchenkov 30 1 2 2
3 Toni Lydman Alexei Semenov 20 1 2 2
4 Brian Rafalski Christian Ehrhoff 10 1 2 2
PowerPlay Forward
Center Left Wing Right Wing Time % Phy DF OF
1 Evgeni Malkin Thomas Vanek Corey Perry 60 1 2 2
2 Peter Regin Alex Tanguay Patrick Kane 40 1 2 2
PowerPlay Defense
Defense Defense Time % Phy DF OF
1 Brian Rafalski Christian Ehrhoff 60 1 2 2
2 Dennis Wideman Anton Volchenkov 40 1 2 2
Penalty Kill 4 Players Forward
Center Wing Time % Phy DF OF
1 Evgeni Malkin Thomas Vanek 60 1 2 2
2 Corey Perry Alex Tanguay 40 1 2 2
Penalty Kill 4 Players Defense
Defense Defense Time % Phy DF OF
1 Brian Rafalski Christian Ehrhoff 60 1 2 2
2 Dennis Wideman Anton Volchenkov 40 1 2 2
Penalty Kill - 3 Players Forward
Forward Time % Phy DF OF
1 Evgeni Malkin 60 1 2 2
2 Thomas Vanek 40 1 2 2
Penalty Kill - 3 Players Defense
Defense Defense Time % Phy DF OF
1 Brian Rafalski Christian Ehrhoff 60 1 2 2
2 Dennis Wideman Anton Volchenkov 40 1 2 2
4 vs 4 Forward
Center Wing Time % Phy DF OF
1 Evgeni Malkin Thomas Vanek 60 1 2 2
2 Corey Perry Alex Tanguay 40 1 2 2
4 vs 4 Defense
Defense Defense Time % Phy DF OF
1 Brian Rafalski Christian Ehrhoff 60 1 2 2
2 Dennis Wideman Anton Volchenkov 40 1 2 2
Last Minutes Offensive
Center Left Wing Right Wing Defense Defense
Evgeni Malkin Thomas Vanek Corey Perry Brian Rafalski Christian Ehrhoff
Last Minutes Defensive
Center Left Wing Right Wing Defense Defense
Evgeni Malkin Thomas Vanek Corey Perry Brian Rafalski Christian Ehrhoff
Goaltenders
Starting : Marty Turco
Backup : Ty Conklin
Extra Forwards
Normal : Milan Michalek, Jason Blake, Samuel Pahlsson - PP : Milan Michalek, Jason Blake - PK : Samuel Pahlsson
Extra Defensemen
Normal : Toni Lydman, Alexei Semenov, Dennis Wideman - PP : Toni Lydman - PK : Alexei Semenov, Dennis Wideman
Penalty Shots
Evgeni Malkin, Thomas Vanek, Corey Perry, Alex Tanguay, Milan Michalek
Stars
5 vs 5 Forward
Center Left Wing Right Wing Time % Phy DF OF
1 Mike Modano Cory Stillman Alexei Morozov 40 1 2 2
2 David Legwand Patrik Elias Milan Hejduk 30 1 2 2
3 Steve Rucchin Marcus Nilson Evgeny Artyukhin 20 1 2 2
4 Glen Metropolit Jan Hlavac Pierre Dagenais 10 1 2 2
5 vs 5 Defense
Defense Defense Time % Phy DF OF
1 Mathieu Schneider Braydon Coburn 40 1 2 2
2 Filip Novak Randy Jones 30 1 2 2
3 Matthew Spiller Brendan Bell 20 1 2 2
4 Mathieu Schneider Braydon Coburn 10 1 2 2
PowerPlay Forward
Center Left Wing Right Wing Time % Phy DF OF
1 Mike Modano Cory Stillman Alexei Morozov 60 1 2 2
2 David Legwand Patrik Elias Milan Hejduk 40 1 2 2
PowerPlay Defense
Defense Defense Time % Phy DF OF
1 Mathieu Schneider Braydon Coburn 60 1 2 2
2 Filip Novak Randy Jones 40 1 2 2
Penalty Kill 4 Players Forward
Center Wing Time % Phy DF OF
1 Mike Modano David Legwand 60 1 2 2
2 Alexei Morozov Milan Hejduk 40 1 2 2
Penalty Kill 4 Players Defense
Defense Defense Time % Phy DF OF
1 Mathieu Schneider Braydon Coburn 60 1 2 2
2 Filip Novak Randy Jones 40 1 2 2
Penalty Kill - 3 Players Forward
Forward Time % Phy DF OF
1 Mike Modano 60 1 2 2
2 David Legwand 40 1 2 2
Penalty Kill - 3 Players Defense
Defense Defense Time % Phy DF OF
1 Mathieu Schneider Braydon Coburn 60 1 2 2
2 Filip Novak Randy Jones 40 1 2 2
4 vs 4 Forward
Center Wing Time % Phy DF OF
1 Mike Modano David Legwand 60 1 2 2
2 Alexei Morozov Milan Hejduk 40 1 2 2
4 vs 4 Defense
Defense Defense Time % Phy DF OF
1 Mathieu Schneider Braydon Coburn 60 1 2 2
2 Filip Novak Randy Jones 40 1 2 2
Last Minutes Offensive
Center Left Wing Right Wing Defense Defense
Mike Modano Cory Stillman Alexei Morozov Mathieu Schneider Braydon Coburn
Last Minutes Defensive
Center Left Wing Right Wing Defense Defense
Mike Modano Cory Stillman Alexei Morozov Mathieu Schneider Braydon Coburn
Goaltenders
Starting : Pascal Leclaire
Backup : Chris Osgood
Extra Forwards
Normal : Steve Rucchin, Marcus Nilson, Glen Metropolit - PP : Steve Rucchin, Marcus Nilson - PK : Glen Metropolit
Extra Defensemen
Normal : Matthew Spiller, Brendan Bell, Filip Novak - PP : Matthew Spiller - PK : Brendan Bell, Filip Novak
Penalty Shots
Mike Modano, David Legwand, Alexei Morozov, Milan Hejduk, Cory Stillman
% Time on Ice - Capitals
Lines # - Real PCT - Wanted PCT - Time Play
Normal Forward
1 - 33% - 40% - 16:01
2 - 27% - 30% - 12:57
3 - 22% - 20% - 10:38
4 - 17% - 10% - 8:19
Normal Defense
1 - 39% - 40% - 18:52
2 - 31% - 30% - 15:03
3 - 23% - 20% - 10:53
4 - 7% - 10% - 3:07
PP Forward
1 - 80% - 60% - 0:47
2 - 20% - 40% - 0:12
PP Defense
1 - 80% - 60% - 0:47
2 - 20% - 40% - 0:12
PK Forward
1 - 75% - 60% - 6:12
2 - 25% - 40% - 2:01
PK Defense
1 - 59% - 60% - 4:52
2 - 41% - 40% - 3:21
PK3 Forward
1 - 0% - 60%
2 - 0% - 40%
PK3 Defense
1 - 0% - 60%
2 - 0% - 40%
44 Forward
1 - 100% - 60% - 1:42
2 - 0% - 40% - 0:00
44 Defense
1 - 63% - 60% - 1:04
2 - 37% - 40% - 0:38
Last Minute Offensive - 0:00
Last Minute Defensive - 1:11
Total
Forward - 60:00
Defense - 60:00
|
% Time on Ice - Stars
Lines # - Real PCT - Wanted PCT - Time Play
Normal Forward
1 - 31% - 40% - 14:42
2 - 28% - 30% - 13:30
3 - 23% - 20% - 11:03
4 - 18% - 10% - 8:47
Normal Defense
1 - 33% - 40% - 15:37
2 - 36% - 30% - 17:10
3 - 29% - 20% - 13:46
4 - 3% - 10% - 1:29
PP Forward
1 - 57% - 60% - 4:42
2 - 43% - 40% - 3:31
PP Defense
1 - 58% - 60% - 4:46
2 - 42% - 40% - 3:27
PK Forward
1 - 100% - 60% - 0:59
2 - 0% - 40% - 0:00
PK Defense
1 - 100% - 60% - 0:59
2 - 0% - 40% - 0:00
PK3 Forward
1 - 0% - 60%
2 - 0% - 40%
PK3 Defense
1 - 0% - 60%
2 - 0% - 40%
44 Forward
1 - 79% - 60% - 1:21
2 - 21% - 40% - 0:21
44 Defense
1 - 37% - 60% - 0:38
2 - 63% - 40% - 1:04
Last Minute Offensive - 1:04
Last Minute Defensive - 0:00
Total
Forward - 60:00
Defense - 60:00
|
Play by Play
1st period
0:01 of 1st period - Cory Stillman wins face-off versus Corey Perry in neutral zone.
0:26 of 1st period - Peter Regin is hit by David Legwand and loses puck.
0:47 of 1st period - Wrist shot by Milan Michalek.
0:47 of 1st period - Shot Misses the Net.
0:49 of 1st period - Snap shot by Anton Volchenkov.
0:49 of 1st period - Stopped by Pascal Leclaire without a rebound.
0:50 of 1st period - Nicklas Backstrom wins face-off versus Steve Rucchin in Stars zone.
1:20 of 1st period - Steve Rucchin is hit by Alexei Semenov and loses puck.
1:25 of 1st period - Slapshot by Milan Michalek.
1:25 of 1st period - Shot Blocked by Evgeny Artyukhin.
1:27 of 1st period - Snap shot by Milan Michalek.
1:27 of 1st period - Shot Misses the Net.
1:39 of 1st period - Slapshot by Alex Tanguay.
1:39 of 1st period - Shot Misses the Net.
1:41 of 1st period - Snap shot by Peter Regin.
1:41 of 1st period - Deflect By Matthew Spiller.
1:41 of 1st period - Shot Blocked by Matthew Spiller.
1:41 of 1st period - Puck is out of play.
1:42 of 1st period - Mike Modano wins face-off versus Peter Regin in Stars zone.
1:51 of 1st period - Backhand shot by Brian Rafalski.
1:51 of 1st period - Deflect By Braydon Coburn.
1:51 of 1st period - Stopped by Pascal Leclaire with a rebound.
1:53 of 1st period - Slapshot by Brian Rafalski.
1:53 of 1st period - Deflect By Peter Regin.
1:53 of 1st period - Shot Misses the Net.
1:53 of 1st period - Puck is out of play.
1:54 of 1st period - Evgeni Malkin wins face-off versus David Legwand in Stars zone.
2:05 of 1st period - Snap shot by Thomas Vanek.
2:05 of 1st period - Shot Hit the Post.
2:07 of 1st period - Backhand shot by Dennis Wideman.
2:07 of 1st period - Stopped by Pascal Leclaire with a rebound.
2:59 of 1st period - Jason Blake is hit by Marcus Nilson and loses puck.
3:05 of 1st period - Icing by Jason Blake.
3:06 of 1st period - Nicklas Backstrom wins face-off versus Mike Modano in Capitals zone.
3:11 of 1st period - Slapshot by Brian Rafalski.
3:11 of 1st period - Deflect By Phil Kessel.
3:11 of 1st period - Shot Misses the Net.
3:11 of 1st period - Puck is out of play.
3:12 of 1st period - Mike Modano wins face-off versus Evgeni Malkin in Stars zone.
3:17 of 1st period - Wrist shot by Alexei Morozov.
3:17 of 1st period - Stopped by Marty Turco with a rebound.
3:19 of 1st period - Slapshot by Braydon Coburn.
3:19 of 1st period - Deflect By Alexei Morozov.
3:19 of 1st period - Stopped by Marty Turco with a rebound.
3:21 of 1st period - Slapshot by Mike Modano.
3:21 of 1st period - Stopped by Marty Turco without a rebound.
3:22 of 1st period - David Legwand wins face-off versus Evgeni Malkin in Capitals zone.
3:25 of 1st period - Snap shot by David Legwand.
3:25 of 1st period - Stopped by Marty Turco with a rebound.
3:29 of 1st period - Wrist shot by Patrik Elias.
3:29 of 1st period - Shot Misses the Net.
3:31 of 1st period - Snap shot by David Legwand.
3:31 of 1st period - Shot Misses the Net.
3:35 of 1st period - Wrist shot by Milan Hejduk.
3:35 of 1st period - Stopped by Marty Turco with a rebound.
3:37 of 1st period - Snap shot by Milan Hejduk.
3:37 of 1st period - Stopped by Marty Turco with a rebound.
4:08 of 1st period - Off-side.
4:09 of 1st period - Samuel Pahlsson wins face-off versus Glen Metropolit in neutral zone.
4:16 of 1st period - Slapshot by Jan Hlavac.
4:16 of 1st period - Stopped by Marty Turco without a rebound.
4:17 of 1st period - David Legwand wins face-off versus Evgeni Malkin in Capitals zone.
4:26 of 1st period - Slapshot by David Legwand.
4:26 of 1st period - Stopped by Marty Turco with a rebound.
4:28 of 1st period - Snap shot by Filip Novak.
4:28 of 1st period - Stopped by Marty Turco without a rebound.
4:29 of 1st period - Mike Modano wins face-off versus Corey Perry in Capitals zone.
5:15 of 1st period - Snap shot by Evgeny Artyukhin.
5:15 of 1st period - Stopped by Marty Turco with a rebound.
5:21 of 1st period - Backhand shot by Evgeny Artyukhin.
5:21 of 1st period - Deflect By Marcus Nilson.
5:21 of 1st period - Shot Misses the Net.
5:21 of 1st period - Puck is out of play.
5:22 of 1st period - Evgeni Malkin wins face-off versus Mike Modano in Capitals zone.
6:08 of 1st period - Slapshot by Mathieu Schneider.
6:08 of 1st period - Deflect By Jan Hlavac.
6:08 of 1st period - Shot Misses the Net.
6:08 of 1st period - Puck is out of play.
6:09 of 1st period - Glen Metropolit wins face-off versus Nicklas Backstrom in Capitals zone.
6:39 of 1st period - Off-side.
6:40 of 1st period - Mike Modano wins face-off versus Evgeni Malkin in neutral zone.
6:57 of 1st period - Snap shot by Thomas Vanek.
6:57 of 1st period - Stopped by Pascal Leclaire without a rebound.
6:58 of 1st period - Samuel Pahlsson wins face-off versus David Legwand in Stars zone.
7:13 of 1st period - Snap shot by Christian Ehrhoff.
7:13 of 1st period - Shot Blocked by Mathieu Schneider.
8:17 of 1st period - Snap shot by Phil Kessel.
8:17 of 1st period - Stopped by Pascal Leclaire without a rebound.
8:18 of 1st period - Mike Modano wins face-off versus Evgeni Malkin in Stars zone.
8:43 of 1st period - Anton Volchenkov is hit by Brendan Bell and loses puck.
9:34 of 1st period - Evgeny Artyukhin is hit by Thomas Vanek and loses puck.
9:48 of 1st period - Filip Novak is hit by Anton Volchenkov and loses puck.
9:49 of 1st period - Filip Novak from Stars is injured at 9:49 of 1st period (Sprained Right Finger).
9:50 of 1st period - Mike Modano wins face-off versus Peter Regin in Stars zone.
10:43 of 1st period - Wrist shot by Peter Regin.
10:43 of 1st period - Shot Misses the Net.
10:49 of 1st period - Anton Volchenkov is hit by Mathieu Schneider and loses puck.
11:31 of 1st period - Slapshot by Pierre Dagenais.
11:31 of 1st period - Shot Misses the Net.
11:33 of 1st period - Slapshot by Randy Jones.
11:33 of 1st period - Stopped by Marty Turco without a rebound.
11:34 of 1st period - Samuel Pahlsson wins face-off versus David Legwand in Capitals zone.
11:34 of 1st period - Samuel Pahlsson is hit by Milan Hejduk.
12:06 of 1st period - Evgeni Malkin is hit by Mike Modano and loses puck.
13:33 of 1st period - Evgeni Malkin is hit by Braydon Coburn and loses puck.
13:46 of 1st period - Milan Hejduk is hit by Toni Lydman and loses puck.
14:38 of 1st period - Slapshot by Jason Blake.
14:38 of 1st period - Deflect By Cory Stillman.
14:38 of 1st period - Shot Misses the Net.
14:38 of 1st period - Puck is out of play.
14:39 of 1st period - Cory Stillman wins face-off versus Nicklas Backstrom in Stars zone.
14:39 of 1st period - Cory Stillman is hit by Jason Blake.
15:36 of 1st period - Snap shot by Alexei Morozov.
15:36 of 1st period - Stopped by Marty Turco without a rebound.
15:37 of 1st period - Evgeni Malkin wins face-off versus Patrik Elias in Capitals zone.
15:44 of 1st period - Slapshot by Thomas Vanek.
15:44 of 1st period - Stopped by Pascal Leclaire with a rebound.
15:46 of 1st period - Slapshot by Alexei Semenov.
15:46 of 1st period - Shot Blocked by David Legwand.
15:48 of 1st period - Slapshot by Evgeni Malkin.
15:48 of 1st period - Shot Misses the Net.
15:50 of 1st period - Snap shot by Thomas Vanek.
15:50 of 1st period - Stopped by Pascal Leclaire without a rebound.
15:51 of 1st period - Peter Regin wins face-off versus David Legwand in Stars zone.
16:18 of 1st period - Braydon Coburn is hit by Christian Ehrhoff and loses puck.
16:49 of 1st period - Slapshot by Randy Jones.
16:49 of 1st period - Shot Misses the Net.
16:51 of 1st period - Slapshot by Matthew Spiller.
16:51 of 1st period - Shot Blocked by Samuel Pahlsson.
17:22 of 1st period - Alexei Semenov is hit by Randy Jones and loses puck.
17:39 of 1st period - Phil Kessel is hit by Glen Metropolit and loses puck.
18:00 of 1st period - Wrist shot by Evgeni Malkin.
18:00 of 1st period - Shot Blocked by Brendan Bell.
18:02 of 1st period - Wrist shot by Corey Perry.
18:02 of 1st period - Deflect By Evgeni Malkin.
18:02 of 1st period - Stopped by Pascal Leclaire with a rebound.
18:24 of 1st period - Wrist shot by Milan Michalek.
18:24 of 1st period - Stopped by Pascal Leclaire without a rebound.
18:25 of 1st period - Mike Modano wins face-off versus Samuel Pahlsson in Stars zone.
19:54 of 1st period - Slapshot by Brian Rafalski.
19:54 of 1st period - Stopped by Pascal Leclaire without a rebound.
19:55 of 1st period - Glen Metropolit wins face-off versus Phil Kessel in Stars zone.
2nd period
0:01 of 2nd period - Mike Modano wins face-off versus Evgeni Malkin in neutral zone.
0:36 of 2nd period - Icing by Brian Rafalski.
0:37 of 2nd period - Milan Michalek wins face-off versus David Legwand in Capitals zone.
0:42 of 2nd period - Brendan Bell is hit by Brian Rafalski and loses puck.
1:13 of 2nd period - Snap shot by Milan Michalek.
1:13 of 2nd period - Shot Misses the Net.
1:45 of 2nd period - Snap shot by Patrik Elias.
1:45 of 2nd period - Stopped by Marty Turco with a rebound.
1:47 of 2nd period - Snap shot by Matthew Spiller.
1:47 of 2nd period - Shot Misses the Net.
1:49 of 2nd period - Slapshot by David Legwand.
1:49 of 2nd period - Deflect By Patrik Elias.
1:49 of 2nd period - Stopped by Marty Turco without a rebound.
1:50 of 2nd period - Mike Modano wins face-off versus Evgeni Malkin in Capitals zone.
2:24 of 2nd period - Snap shot by Alex Tanguay.
2:24 of 2nd period - Shot Misses the Net.
2:26 of 2nd period - Slapshot by Toni Lydman.
2:26 of 2nd period - Shot Blocked by Mathieu Schneider.
2:28 of 2nd period - Slapshot by Alex Tanguay.
2:28 of 2nd period - Stopped by Pascal Leclaire with a rebound.
2:30 of 2nd period - Slapshot by Alexei Semenov.
2:30 of 2nd period - Stopped by Pascal Leclaire with a rebound.
2:54 of 2nd period - Off-side.
2:55 of 2nd period - Mike Modano wins face-off versus Evgeni Malkin in neutral zone.
3:04 of 2nd period - Wrist shot by Mike Modano.
3:04 of 2nd period - Stopped by Marty Turco with a rebound.
3:43 of 2nd period - Wrist shot by Jason Blake.
3:43 of 2nd period - Stopped by Pascal Leclaire with a rebound.
3:49 of 2nd period - Snap shot by Jason Blake.
3:49 of 2nd period - Shot Misses the Net.
3:51 of 2nd period - Snap shot by Phil Kessel.
3:51 of 2nd period - Goal by Phil Kessel - Capitals : 1 - Stars : 0.
3:52 of 2nd period - Thomas Vanek wins face-off versus Mike Modano in neutral zone.
4:23 of 2nd period - Brian Rafalski is hit by Matthew Spiller and loses puck.
4:46 of 2nd period - Wrist shot by Ales Hemsky.
4:46 of 2nd period - Shot Blocked by Marcus Nilson.
5:21 of 2nd period - Minor Penalty to Thomas Vanek for Roughing.
5:22 of 2nd period - Alexei Morozov wins face-off versus Evgeni Malkin in Capitals zone.
6:19 of 2nd period - Samuel Pahlsson is hit by Milan Hejduk and loses puck.
6:49 of 2nd period - Icing by Patrik Elias.
6:50 of 2nd period - Evgeni Malkin wins face-off versus David Legwand in Stars zone.
7:05 of 2nd period - Mike Modano is hit by Alex Tanguay and loses puck.
7:18 of 2nd period - Slapshot by Mathieu Schneider.
7:18 of 2nd period - Deflect By Alex Tanguay.
7:18 of 2nd period - Stopped by Marty Turco without a rebound.
7:19 of 2nd period - David Legwand wins face-off versus Nicklas Backstrom in Capitals zone.
7:21 of 2nd period - Penalty to Thomas Vanek is over, Thomas Vanek is back on ice.
7:25 of 2nd period - Off-side.
7:26 of 2nd period - Evgeni Malkin wins face-off versus David Legwand in neutral zone.
7:44 of 2nd period - Icing by Matthew Spiller.
7:45 of 2nd period - David Legwand wins face-off versus Peter Regin in Stars zone.
8:20 of 2nd period - Wrist shot by David Legwand.
8:20 of 2nd period - Shot Blocked by Christian Ehrhoff.
8:22 of 2nd period - Wrist shot by Patrik Elias.
8:22 of 2nd period - Deflect By Milan Hejduk.
8:22 of 2nd period - Shot Misses the Net.
8:22 of 2nd period - Puck is out of play.
8:23 of 2nd period - Mike Modano wins face-off versus Peter Regin in Capitals zone.
8:37 of 2nd period - Minor Penalty to Patrick Kane for Tripping.
8:38 of 2nd period - Mike Modano wins face-off versus Evgeni Malkin in Capitals zone.
10:37 of 2nd period - Penalty to Patrick Kane is over, Patrick Kane is back on ice.
10:56 of 2nd period - Alexei Semenov is hit by Mathieu Schneider and loses puck.
11:11 of 2nd period - Toni Lydman is hit by Steve Rucchin and loses puck.
11:21 of 2nd period - Off-side.
11:22 of 2nd period - Nicklas Backstrom wins face-off versus David Legwand in neutral zone.
11:25 of 2nd period - David Legwand is hit by Dennis Wideman and loses puck.
11:48 of 2nd period - Backhand shot by Milan Hejduk.
11:48 of 2nd period - Goal by Milan Hejduk - Capitals : 1 - Stars : 1.
11:49 of 2nd period - Mike Modano wins face-off versus Evgeni Malkin in neutral zone.
12:28 of 2nd period - Snap shot by Peter Regin.
12:28 of 2nd period - Shot Blocked by David Legwand.
12:41 of 2nd period - Icing by Milan Michalek.
12:42 of 2nd period - Steve Rucchin wins face-off versus Samuel Pahlsson in Capitals zone.
13:11 of 2nd period - Wrist shot by Mike Modano.
13:11 of 2nd period - Deflect By Thomas Vanek.
13:11 of 2nd period - Stopped by Marty Turco without a rebound.
13:12 of 2nd period - Evgeni Malkin wins face-off versus Mike Modano in Capitals zone.
13:37 of 2nd period - Brian Rafalski is hit by Patrik Elias and loses puck.
15:06 of 2nd period - Snap shot by Pierre Dagenais.
15:06 of 2nd period - Stopped by Marty Turco with a rebound.
15:08 of 2nd period - Slapshot by Braydon Coburn.
15:08 of 2nd period - Shot Misses the Net.
15:10 of 2nd period - Snap shot by Mathieu Schneider.
15:10 of 2nd period - Shot Misses the Net.
15:12 of 2nd period - Slapshot by Braydon Coburn.
15:12 of 2nd period - Stopped by Marty Turco with a rebound.
15:26 of 2nd period - Milan Michalek is hit by Alexei Morozov and loses puck.
15:43 of 2nd period - Mathieu Schneider is hit by Toni Lydman and loses puck.
15:55 of 2nd period - Steve Rucchin is hit by Evgeni Malkin and loses puck.
16:30 of 2nd period - Pierre Dagenais is hit by Anton Volchenkov and loses puck.
16:35 of 2nd period - Wrist shot by Nicklas Backstrom.
16:35 of 2nd period - Stopped by Pascal Leclaire with a rebound.
16:37 of 2nd period - Snap shot by Alexei Semenov.
16:37 of 2nd period - Shot Misses the Net.
16:39 of 2nd period - Wrist shot by Nicklas Backstrom.
16:39 of 2nd period - Shot Misses the Net.
16:41 of 2nd period - Wrist shot by Nicklas Backstrom.
16:41 of 2nd period - Deflect By Phil Kessel.
16:41 of 2nd period - Shot Misses the Net.
16:41 of 2nd period - Puck is out of play.
16:42 of 2nd period - Evgeni Malkin wins face-off versus Mike Modano in Stars zone.
16:45 of 2nd period - Slapshot by Corey Perry.
16:45 of 2nd period - Stopped by Pascal Leclaire without a rebound.
16:46 of 2nd period - Mike Modano wins face-off versus Evgeni Malkin in Stars zone.
16:53 of 2nd period - Slapshot by Mike Modano.
16:53 of 2nd period - Deflect By Corey Perry.
16:53 of 2nd period - Stopped by Marty Turco with a rebound.
17:56 of 2nd period - Off-side.
17:57 of 2nd period - Glen Metropolit wins face-off versus Nicklas Backstrom in neutral zone.
18:20 of 2nd period - Braydon Coburn is hit by Toni Lydman and loses puck.
18:27 of 2nd period - Snap shot by Jason Blake.
18:27 of 2nd period - Deflect By Mathieu Schneider.
18:27 of 2nd period - Stopped by Pascal Leclaire with a rebound.
18:41 of 2nd period - Wrist shot by Pierre Dagenais.
18:41 of 2nd period - Stopped by Marty Turco without a rebound.
18:42 of 2nd period - Evgeni Malkin wins face-off versus Mike Modano in Capitals zone.
18:51 of 2nd period - Wrist shot by Evgeni Malkin.
18:51 of 2nd period - Shot Misses the Net.
18:55 of 2nd period - Snap shot by Evgeni Malkin.
18:55 of 2nd period - Stopped by Pascal Leclaire without a rebound.
18:56 of 2nd period - Mike Modano wins face-off versus Evgeni Malkin in Stars zone.
19:01 of 2nd period - Corey Perry is hit by Mike Modano and loses puck.
3rd period
0:01 of 3rd period - Mike Modano wins face-off versus Thomas Vanek in neutral zone.
0:01 of 3rd period - Braydon Coburn is hit by Brian Rafalski and loses puck.
0:05 of 3rd period - Mathieu Schneider is hit by Christian Ehrhoff and loses puck.
0:14 of 3rd period - Wrist shot by Mike Modano.
0:14 of 3rd period - Stopped by Marty Turco with a rebound.
0:16 of 3rd period - Snap shot by Mike Modano.
0:16 of 3rd period - Shot Misses the Net.
0:26 of 3rd period - Milan Hejduk is hit by Patrick Kane and loses puck.
0:53 of 3rd period - Snap shot by Marcus Nilson.
0:53 of 3rd period - Shot Misses the Net.
0:55 of 3rd period - Slapshot by Steve Rucchin.
0:55 of 3rd period - Stopped by Marty Turco without a rebound.
0:56 of 3rd period - Mike Modano wins face-off versus Evgeni Malkin in Capitals zone.
1:23 of 3rd period - Brendan Bell is hit by Dennis Wideman and loses puck.
1:44 of 3rd period - Wrist shot by Marcus Nilson.
1:44 of 3rd period - Stopped by Marty Turco with a rebound.
1:50 of 3rd period - Brendan Bell is hit by Alexei Semenov and loses puck.
2:13 of 3rd period - Matthew Spiller is hit by Jason Blake and loses puck.
2:34 of 3rd period - Cory Stillman is hit by Corey Perry and loses puck.
2:49 of 3rd period - Slapshot by Alex Tanguay.
2:49 of 3rd period - Shot Blocked by Brendan Bell.
2:53 of 3rd period - Wrist shot by Peter Regin.
2:53 of 3rd period - Shot Misses the Net.
2:55 of 3rd period - Wrist shot by Alex Tanguay.
2:55 of 3rd period - Stopped by Pascal Leclaire with a rebound.
4:30 of 3rd period - Snap shot by Jan Hlavac.
4:30 of 3rd period - Shot Misses the Net.
4:32 of 3rd period - Slapshot by Brendan Bell.
4:32 of 3rd period - Shot Misses the Net.
4:54 of 3rd period - Snap shot by Evgeni Malkin.
4:54 of 3rd period - Shot Misses the Net.
5:29 of 3rd period - Patrik Elias is hit by Peter Regin.
5:50 of 3rd period - Milan Michalek is hit by Randy Jones and loses puck.
5:55 of 3rd period - Slapshot by Glen Metropolit.
5:55 of 3rd period - Stopped by Marty Turco without a rebound.
5:56 of 3rd period - Glen Metropolit wins face-off versus Evgeni Malkin in Capitals zone.
5:57 of 3rd period - Slapshot by Jan Hlavac.
5:57 of 3rd period - Stopped by Marty Turco with a rebound.
5:59 of 3rd period - Snap shot by Pierre Dagenais.
5:59 of 3rd period - Stopped by Marty Turco without a rebound.
6:00 of 3rd period - Mike Modano wins face-off versus Evgeni Malkin in Capitals zone.
6:13 of 3rd period - Snap shot by Mike Modano.
6:13 of 3rd period - Stopped by Marty Turco with a rebound.
6:26 of 3rd period - Minor Penalty to Alex Tanguay for Slashing.
6:27 of 3rd period - Evgeni Malkin wins face-off versus Mike Modano in Capitals zone.
6:39 of 3rd period - Off-side.
6:40 of 3rd period - Evgeni Malkin wins face-off versus Mike Modano in neutral zone.
6:43 of 3rd period - Alexei Morozov is hit by Evgeni Malkin and loses puck.
7:06 of 3rd period - Christian Ehrhoff is hit by Patrik Elias and loses puck.
7:18 of 3rd period - Icing by Braydon Coburn.
7:19 of 3rd period - Corey Perry wins face-off versus David Legwand in Stars zone.
7:30 of 3rd period - Dennis Wideman is hit by David Legwand and loses puck.
7:53 of 3rd period - Snap shot by Milan Hejduk.
7:53 of 3rd period - Stopped by Marty Turco with a rebound.
7:55 of 3rd period - Snap shot by Milan Hejduk.
7:55 of 3rd period - Shot Misses the Net.
7:57 of 3rd period - Slapshot by Braydon Coburn.
7:57 of 3rd period - Shot Misses the Net.
7:59 of 3rd period - Wrist shot by Patrik Elias.
7:59 of 3rd period - Shot Blocked by Anton Volchenkov.
8:01 of 3rd period - Wrist shot by Milan Hejduk.
8:01 of 3rd period - Deflect By Patrik Elias.
8:01 of 3rd period - Shot Misses the Net.
8:01 of 3rd period - Puck is out of play.
8:02 of 3rd period - Evgeni Malkin wins face-off versus Alexei Morozov in Capitals zone.
8:13 of 3rd period - Brian Rafalski is hit by Alexei Morozov and loses puck.
8:25 of 3rd period - Minor Penalty to Alexei Morozov for Cross-checking.
8:26 of 3rd period - Penalty to Alex Tanguay is over, Alex Tanguay is back on ice.
8:26 of 3rd period - Evgeni Malkin wins face-off versus Mike Modano in Stars zone.
8:33 of 3rd period - Wrist shot by Evgeni Malkin.
8:33 of 3rd period - Shot Blocked by David Legwand.
8:35 of 3rd period - Wrist shot by Christian Ehrhoff.
8:35 of 3rd period - Shot Blocked by Mathieu Schneider.
8:37 of 3rd period - Wrist shot by Corey Perry.
8:37 of 3rd period - Deflect By Thomas Vanek.
8:37 of 3rd period - Stopped by Pascal Leclaire with a rebound.
8:39 of 3rd period - Slapshot by Brian Rafalski.
8:39 of 3rd period - Stopped by Pascal Leclaire with a rebound.
8:41 of 3rd period - Snap shot by Corey Perry.
8:41 of 3rd period - Goal by Corey Perry - Capitals : 2 - Stars : 1.
8:42 of 3rd period - Mike Modano wins face-off versus Evgeni Malkin in neutral zone.
9:13 of 3rd period - Snap shot by David Legwand.
9:13 of 3rd period - Shot Misses the Net.
9:15 of 3rd period - Snap shot by Patrik Elias.
9:15 of 3rd period - Goal by Patrik Elias - Capitals : 2 - Stars : 2.
9:16 of 3rd period - Mike Modano wins face-off versus Evgeni Malkin in neutral zone.
9:27 of 3rd period - Minor Penalty to Evgeni Malkin for Hooking.
9:28 of 3rd period - Mike Modano wins face-off versus Samuel Pahlsson in Capitals zone.
9:43 of 3rd period - Slapshot by Christian Ehrhoff.
9:43 of 3rd period - Shot Blocked by Mathieu Schneider.
9:44 of 3rd period - Minor Penalty to Alexei Morozov for High sticking.
9:45 of 3rd period - Mike Modano wins face-off versus Milan Michalek in Stars zone.
10:36 of 3rd period - Milan Hejduk is hit by Samuel Pahlsson and loses puck.
11:03 of 3rd period - Backhand shot by Nicklas Backstrom.
11:03 of 3rd period - Stopped by Pascal Leclaire with a rebound.
11:07 of 3rd period - Snap shot by Nicklas Backstrom.
11:07 of 3rd period - Shot Blocked by Matthew Spiller.
11:27 of 3rd period - Penalty to Evgeni Malkin is over, Evgeni Malkin is back on ice.
11:44 of 3rd period - Penalty to Alexei Morozov is over, Alexei Morozov is back on ice.
12:13 of 3rd period - Snap shot by Jason Blake.
12:13 of 3rd period - Stopped by Pascal Leclaire with a rebound.
12:27 of 3rd period - Slapshot by Dennis Wideman.
12:27 of 3rd period - Shot Blocked by Brendan Bell.
12:38 of 3rd period - Minor Penalty to Jan Hlavac for Tripping.
12:39 of 3rd period - Thomas Vanek wins face-off versus Mike Modano in Stars zone.
12:50 of 3rd period - Wrist shot by Evgeni Malkin.
12:50 of 3rd period - Stopped by Pascal Leclaire without a rebound.
12:51 of 3rd period - Mike Modano wins face-off versus Evgeni Malkin in Stars zone.
13:04 of 3rd period - Wrist shot by Evgeni Malkin.
13:04 of 3rd period - Goal by Evgeni Malkin - Capitals : 3 - Stars : 2.
13:05 of 3rd period - Mike Modano wins face-off versus Evgeni Malkin in neutral zone.
14:13 of 3rd period - Ales Hemsky is hit by Mike Modano and loses puck.
14:42 of 3rd period - Slapshot by Glen Metropolit.
14:42 of 3rd period - Shot Blocked by Dennis Wideman.
15:17 of 3rd period - Snap shot by Marcus Nilson.
15:17 of 3rd period - Deflect By Evgeny Artyukhin.
15:17 of 3rd period - Stopped by Marty Turco without a rebound.
15:18 of 3rd period - Mike Modano wins face-off versus Evgeni Malkin in Capitals zone.
15:51 of 3rd period - Toni Lydman is hit by Patrik Elias and loses puck.
16:08 of 3rd period - Slapshot by Peter Regin.
16:08 of 3rd period - Stopped by Pascal Leclaire without a rebound.
16:09 of 3rd period - Steve Rucchin wins face-off versus Peter Regin in Stars zone.
16:09 of 3rd period - Steve Rucchin is hit by Patrick Kane.
16:16 of 3rd period - Minor Penalty to Alex Tanguay for Interference.
16:17 of 3rd period - Mike Modano wins face-off versus Evgeni Malkin in Capitals zone.
18:16 of 3rd period - Penalty to Alex Tanguay is over, Alex Tanguay is back on ice.
18:45 of 3rd period - Wrist shot by Ales Hemsky.
18:45 of 3rd period - Shot Misses the Net.
18:48 of 3rd period - Icing by Matthew Spiller.
18:49 of 3rd period - David Legwand wins face-off versus Corey Perry in Stars zone.
18:59 of 3rd period - Icing by Corey Perry.
19:00 of 3rd period - Evgeni Malkin wins face-off versus Mike Modano in Capitals zone.
19:17 of 3rd period - Stars, Pascal Leclaire is pulled from the net.
19:47 of 3rd period - Snap shot by Alexei Morozov.
19:47 of 3rd period - Stopped by Marty Turco without a rebound.
19:48 of 3rd period - Barry Trotz call a timeout for Stars.
19:48 of 3rd period - Evgeni Malkin wins face-off versus Mike Modano in Capitals zone.
19:48 of 3rd period - Evgeni Malkin is hit by Cory Stillman.
19:54 of 3rd period - Cory Stillman is hit by Corey Perry and loses puck.
Output by the SimonT Hockey Simulator (STHS) for François Prévost -- Original Page W3C XHTML 1.0 Valid